 Dungeon Crawl Stone Soup version 0.31-a0-968-g24f9ace8b5 (webtiles) character file.

Game seed: 9331378747055972607

546 avis the Ducker (level 7, 31/31 HPs)
             Began as a Felid Shapeshifter on Oct 28, 2023.
             Got out of the dungeon alive.
             The game lasted 00:18:46 (4211 turns).

avis the Ducker (Felid Shapeshifter)                Turns: 4211, Time: 00:18:47

Health: 31/31      AC:  2    Str: 10    XL:     7   Next: 6%
Magic:  8/8        EV: 21    Int: 18    God:
Gold:   198        SH:  5    Dex: 17    Spells: 3/6 levels left
                                        Lives:  1   Deaths: 2

rFire   . .          .
                       - Unarmed
rCold   . . .        (shield unavailable)
rNeg    . . .        (body armour unavailable)
rPois   .            (helmet unavailable)
rElec   .            (cloak unavailable)
rCorr   .            (gloves unavailable)
SInv    +            (boots unavailable)
Will    +....        g - amulet of reflection
Stlth   ++           u - +6 ring of intelligence
HPRegen 0.25/turn    (no ring)
MPRegen 0.11/turn

%: reflection
@: beast-form, quick
A: beast (slay +2), very small, claws 1, fangs 3, see invisible, speed 1, shaggy
fur 2, stealthy paws, no weapons or thrown items, no armour, multi-lived
a: Begin Untransformation


You escaped.
You were a hulking beast.
You visited 1 branch of the dungeon, and saw 5 of its levels.

You collected 198 gold pieces.

Inventory:

Jewellery
 g - an amulet of reflection (around neck)
 m - a ring of protection from fire
 u - a +6 ring of intelligence (left paw)
Talismans
 b - a beast talisman
 f - a flux talisman
Scrolls
 d - 2 scrolls of vulnerability {unknown}
 k - a scroll of summoning {unknown}
 n - 2 scrolls of immolation {unknown}
 p - a scroll of poison {unknown}
 q - a scroll of teleportation {unknown}
 r - a scroll of amnesia {unknown}
 s - a scroll of fog {unknown}
 t - a scroll of enchant armour {unknown}
Potions
 a - a potion of lignification
 c - a potion of magic {unknown}
 e - a potion of mutation {unknown}
 h - 3 potions of degeneration {unknown}
 i - a potion of brilliance {unknown}
 j - 2 potions of enlightenment {unknown}
 l - 2 potions of curing {unknown}
 o - 2 potions of ambrosia {unknown}
 v - a potion of cancellation {unknown}


   Skills:
 + Level 3.7 Fighting
 * Level 7.3 Dodging
 - Level 3.0 Unarmed Combat
 + Level 0.0 Spellcasting
 - Level 1.0 Ice Magic
 + Level 4.9 Shapeshifting


You had 3 spell levels left.
You knew the following spells:

 Your Spells              Type           Power      Damage    Failure   Level
o - Ozocubu's Armour      Ice            3%         N/A       41%         3

Your spell library contained the following spells:

 Spells                   Type           Power      Damage    Failure   Level
 Freeze                   Ice            12%        1d3       14%         1
 Magic Dart               Conj           0%         1d3       22%         1
 Call Imp                 Summ           0%         N/A       32%         2
 Frozen Ramparts          Ice            6%         1d1       41%         3
 Hailstorm                Conj/Ice       1%         3d3       47%         3
 Call Canine Familiar     Summ           0%         N/A       54%         3
 Gell's Gravitas          Tloc           0%         N/A       54%         3
 Mephitic Cloud           Conj/Pois/Air  0%         N/A       54%         3
 Sigil of Binding         Hex            0%         N/A       54%         3
 Stone Arrow              Conj/Erth      0%         3d7       54%         3
 Teleport Other           Tloc           0%         N/A       54%         3
 Leda's Liquefaction      Hex/Erth       0%         N/A       91%         4
 Manifold Assault         Tloc           0%         N/A       91%         4
 Summon Lightning Spire   Summ/Air       0%         N/A       91%         4
 Lee's Rapid Deconstruct  Erth           0%         3d4*      99%         5
 Metabolic Englaciation   Hex/Ice        0%         N/A       99%         5
 Dispersal                Tloc           0%         N/A       100%        6
 Simulacrum               Ice/Necr       0%         N/A       100%        6
 Disjunction              Tloc           0%         N/A       100%        8
 Lehudib's Crystal Spear  Conj/Erth      0%         10d2      100%        8
 Animate Armour           Summ/Erth      Unusable   N/A       N/A         4
 Dimensional Bullseye     Hex/Tloc       Unusable   N/A       N/A         4

Dungeon Overview and Level Annotations

Branches:
Dungeon (5/15)
 Temple: D:4-7

Altars:
Nemelex Xobeh


Innate Abilities, Weirdness & Mutations

You are a hulking beast.
Your limbs bulge with bestial killing power. (Slay +2)
You have sharp claws.
You have razor-sharp teeth.
You have supernaturally acute eyesight. (SInv)
You cover ground quickly. (Speed+)
You are covered in thick fur. (AC +2)
Your paws help you pounce on unaware monsters.
You are incapable of wielding weapons or throwing items.
You cannot wear armour.
You gain extra lives every three experience levels.


Message History

a +0 flail; a gnoll corpse
There is a stone staircase leading down, spattered with blood here.
You start resting.
HP restored.
You climb downwards.
The gnoll hits you from afar with a +1 spear of venom!
You are poisoned.
The gnoll closely misses you.
There is a stone staircase leading up, spattered with blood here.
You feel very sick.
The gnoll hits you from afar with a +1 spear of venom.
You are lethally poisoned!
You block the gnoll's attack.
You climb upwards.
* * * LOW HITPOINT WARNING * * *
You feel extremely sick.
There is a stone staircase leading down, spattered with blood here.
* * * LOW HITPOINT WARNING * * *
You feel very sick.
You die...
Your shape twists and changes as you die.
You feel sick.
You rejoin the land of the living...
What level of the Dungeon? (default 4, ? - help)
There is a stone staircase leading up here.
You climb upwards.
There is a stone staircase leading down here.
There is an open door here.
There is a stone staircase leading up here.
You climb upwards.
There is a stone staircase leading down here.
There is an open door here.
There is a stone staircase leading up here.
You climb upwards.
There is a stone staircase leading down here.
There is an open door here.
There is an open door here.
There is a staircase leading out of the dungeon here.
You can't go down here!
You have escaped!

.# #.....# .## #####.## ###
..###.###..######## #####.#
...##..#..........###...#.#
....##....................#
###...........#####.......#
..####.....####...####....#
.....###'###.........###.##
⌠......'.'......h......#.##
.....###'###.........###..#
..####.....####...####....#
###.....###...#####....####
.....#....##..........##
.###############....### ##
######


There were no monsters in sight!

Vanquished Creatures
  An ogre (D:5)
  A scorpion (D:4)
  A jelly (D:4)
  2 hounds
  2 orc priests (D:4)
  A gnoll bouda (D:5)
  2 orc wizards (D:4)
  8 adders
  A gnoll (D:4)
  2 worms
  9 orcs
  9 ball pythons
  3 endoplasms
  3 giant cockroaches
  4 goblins
  11 hobgoblins
  6 quokkas
  5 bats
  5 frilled lizards
  4 kobolds
  6 rats
86 creatures vanquished.

Notes
Turn   | Place    | Note
-------+----------+-------------------------------------------
     0 | D:1      | avis the Felid Shapeshifter began the quest for the Orb.
     0 | D:1      | Reached XP level 1. HP: 9/9 MP: 2/2
   114 | D:1      | Reached skill level 3 in Dodging
   394 | D:1      | Reached XP level 2. HP: 11/12 MP: 3/3
   458 | D:1      | Found a faded altar of an unknown god.
  1093 | D:2      | Reached XP level 3. HP: 15/15 MP: 4/4
  1291 | D:2      | Reached skill level 4 in Dodging
  1832 | D:3      | Reached XP level 4. HP: 16/19 MP: 5/5
  2166 | D:3      | Identified the +5 dagger of Conflict {pain, +Blink Will+}
  2735 | D:4      | Reached skill level 5 in Dodging
  2735 | D:4      | Reached XP level 5. HP: 13/23 MP: 6/6
  2879 | D:4      | Reached skill level 6 in Dodging
  2965 | D:4      | Gained mutation: You are covered in thick fur. (AC +2)
                  | [Felid growth]
  2965 | D:4      | Reached XP level 6. HP: 12/28 MP: 7/7
  3394 | D:4      | Found a sparkling altar of Nemelex Xobeh.
  3636 | D:5      | Entered Level 5 of the Dungeon
  3739 | D:5      | Learned a level 3 spell: Ozocubu's Armour
  3980 | D:5      | Succumbed to a gnoll's poison
  3995 | D:5      | Reached skill level 7 in Dodging
  3995 | D:5      | Reached skill level 1 in Ice Magic
  4070 | D:5      | Reached XP level 7. HP: 25/31 MP: 8/8
  4134 | D:4      | Succumbed to a gnoll's poison
  4211 | D:$      | Got out of the dungeon alive.

Illustrated notes

Levels and vault maps discovered:
D:1:      elethiomel_arrival_infinity_welcomes_careful_drivers,
          layout_loops_ring, nicolae_ecumenical_snake_handling,
          minmay_tetromino_s2
D:2:      layout_basic
D:3:      layout_basic
D:4:      layout_rooms, nemelex_diamond_rough_becter,
          chequers_serial_rivers_small_3
D:5:      layout_loops_ring

Skill      XL: |  1  2  3  4  5  6 |
---------------+-------------------+-----
Dodging        | 3 4 5 6 7 |  7.3
Fighting       | 2 3 |  3.7
Shapeshifting  | 4 |  4.9
Ice Magic      | 1 |  1.0
Unarmed Combat | |  3.0

Action                     |  1- 3 |  4- 6 |  7- 9 || total
---------------------------+-------+-------+-------++-------
  Melee: Unarmed           |   101 |   160 |     8 ||   269
         Bite              |    13 |    15 |     1 ||    29
         Punch             |     3 |     9 |       ||    12
    Use: Potion            |       |     1 |       ||     1
   Stab: Sleeping          |     4 |     1 |       ||     5
         Distracted        |     1 |       |       ||     1
 Armour: Skin              |    21 |    33 |     3 ||    57
  Dodge: Dodged            |    57 |    99 |     9 ||   165
  Block: Other             |     7 |    21 |     2 ||    30
         Reflection        |       |     1 |       ||     1

Table legend: (Time is in decaauts)
 A = Elapsed time spent in this place.
 B = Non-inter-level travel time spent in this place.
 C = Inter-level travel time spent in this place.
 D = Time resting spent in this place.
 E = Time spent auto-exploring this place.
 F = Levels seen in this place.
 G = Mean time per level.
                   A        B        C        D        E       F      G
               +--------+--------+--------+--------+--------+-----+--------+
         Total |   3538 |   3099 |    439 |    388 |   1790 |   5 |  707.6 |
       Dungeon |   3538 |   3099 |    439 |    388 |   1790 |   5 |  707.6 |
               +--------+--------+--------+--------+--------+-----+--------+

Top non-repeatable levels by time:
     D:4: 886 daAuts
     D:3: 843 daAuts
     D:1: 795 daAuts
     D:2: 691 daAuts
     D:5: 322 daAuts
